 Dungeon Crawl Stone Soup version 0.28.0-43-g3370ac3207 (webtiles) character file.

Game seed: 4545942890800900138

97 fknight the Skirmisher (level 4, -4/29 HPs)
             Began as a Gargoyle Berserker on Mar 17, 2022.
             Was a Believer of Trog.
             Killed by divine providence
             ... invoked by an orc priest
              (14 damage)
             ... on level 3 of the Dungeon.
             The game lasted 00:07:43 (2658 turns).

fknight the Skirmisher (Gargoyle Berserker)         Turns: 2658, Time: 00:07:44

Health: -4/29      AC: 16    Str: 23    XL:     4   Next: 68%
Magic:  4/4        EV: 10    Int:  7    God:    Trog [**....]
Gold:   116        SH:  0    Dex:  9    Spells: 3/3 levels left

rFire   . . .      SeeInvis .   q - +3 long sword (holy)
rCold   . . .      Faith    .   (no shield)
rNeg    + . .      Spirit   .   s - +0 scale mail
rPois   ∞          Reflect  .   g - +0 helmet
rElec   +          Harm     .   (no cloak)
rCorr   .          Rampage  .   (no gloves)
Will    .....                   o - +0 pair of boots
Stlth   ..........              u - amulet of regeneration
HPRegen 0.89/turn               v - +4 ring of protection
MPRegen 0.09/turn               (no ring)

@: no status effects
A: sickness immunity, AC +3, negative energy resistance 1, electricity
resistance, torment resistance 1, petrification resistance
a: Renounce Religion, Berserk, Trog's Hand


You were on level 3 of the Dungeon.
You worshipped Trog.
Trog was pleased with you.
You visited 1 branch of the dungeon, and saw 3 of its levels.

You collected 116 gold pieces.

Inventory:

Hand Weapons
 a - a +0 mace
 f - a +0 great mace
 h - a +1 long sword of protection
 l - a +0 hunting sling
 p - a +0 shortbow
 q - a +3 long sword of holy wrath (weapon)
Missiles
 c - 96 stones (quivered)
 y - 2 poisoned darts
Armour
 b - a +0 animal skin
 g - a +0 helmet (worn)
 j - a +0 ring mail
 o - a +0 pair of boots (worn)
 s - a +0 scale mail (worn)
 z - a +0 buckler
Jewellery
 u - an amulet of regeneration (around neck)
 v - a +4 ring of protection (left hand)
Wands
 w - a wand of charming (2)
Scrolls
 e - a scroll of enchant weapon {unknown}
 m - 2 scrolls of identify {unknown}
 x - a scroll of amnesia {unknown}
Potions
 d - 2 potions of ambrosia {unknown}
 i - 2 potions of curing {unknown}
 k - a potion of magic {unknown}
 n - 2 potions of might {unknown}
 r - a potion of invisibility {unknown}
 t - a potion of heal wounds {unknown}


   Skills:
 + Level 3.9 Fighting
 + Level 1.9 Long Blades
 + Level 3.3 Maces & Flails
 + Level 2.9 Armour
 + Level 2.0 Dodging
 + Level 0.3 Stealth


You had 3 spell levels left.
You didn't know any spells.
Your spell library was empty.

Dungeon Overview and Level Annotations

Branches:
Dungeon (3/15)

Altars:

Annotations:
D:3 3 runed translucent doors, issech's ghost, amateur TrMo


Innate Abilities, Weirdness & Mutations

You are immune to sickness and miasma.
Your stone body is resilient. (AC +3)
You are immune to poison.
You resist negative energy. (rN+)
You are resistant to electric shocks. (rElec)
You are resistant to unholy torment.
You are immune to petrification.


Message History

w - a wand of charming (2)
x - a scroll labelled TOSTRA JOUF
Found a buckler.
You now have 116 gold pieces (gained 11).
A kobold comes into view.
It is wielding a +0 dagger and quivering poisoned darts.
The kobold throws a poisoned dart.
The poisoned dart hits you! The kobold hits you but does no damage.
You slash the kobold!
You kill the kobold!
Trog accepts your kill.
No target in view!
No target in view!
Things that are here:
a +0 dagger; 2 poisoned darts
y - 2 poisoned darts 2 orc priests come into view.
The orc priest shouts!
An orc comes into view. It is wielding a +0 short sword.
The orc priest moves out of view.
The orc priest mumbles some strange prayers to Beogh against you.
Beogh smites you!
An orc comes into view. It is wielding a +0 club.
The orc shouts!
You hear a shout!
You see here a +0 buckler.
The orc priest calls down the wrath of Beogh upon you.
Keep equipping yourself?
Uppercase [Y]es or [N]o only, please.
Keep equipping yourself?
You are unaffected.
You start putting on your armour.
You continue putting on your +0 buckler. x2
The orc priest invokes the aid of Beogh against you.
Beogh smites you!
You continue putting on your +0 buckler.
The orc priest looks satisfied for a moment.
You continue putting on your +0 buckler.
The orc priest looks encouraged for a moment.
The orc priest calls down the wrath of Beogh upon you.
Beogh smites you!
You die...

....#.#....##..
.#.....###.##.#
#....#.# #.##.#
.......# #.##.#
....#### #.##.#
.#.## #..#.#
.#.# ##...)#
.#.#
##.....#### #.
#........@# #.
#..........#
#..##.####.#
#.. #.# #o# #..
#.# #.# #.. #.#
#o# .. ...


.oo .. #.. ..o You could see 2 orc priests, an orc wizard and 2 orcs.

Vanquished Creatures
  An orc wizard (D:3)
  An adder (D:3)
  A worm (D:2)
  2 dart slugs (D:2)
  5 orcs (D:3)
  6 endoplasms
  2 giant cockroaches
  3 goblins
  9 hobgoblins
  3 quokkas (D:1)
  A ball python (D:1)
  3 bats
  4 frilled lizards
  5 kobolds
  3 rats (D:2)
49 creatures vanquished.

Vanquished Creatures (others)
  A fungus (D:3)
  A plant (D:3)
2 creatures vanquished.

Grand Total: 51 creatures vanquished

Notes
Turn   | Place    | Note
-------+----------+-------------------------------------------
     0 | D:1      | fknight the Gargoyle Berserker began the quest for the Orb.
     0 | D:1      | Reached XP level 1. HP: 14/14 MP: 1/1
   257 | D:1      | Reached XP level 2. HP: 15/19 MP: 2/2
  1312 | D:1      | Reached ** piety under Trog
  1313 | D:1      | Reached XP level 3. HP: 23/23 MP: 3/3
  2359 | D:2      | Found a faded altar of an unknown god.
  2529 | D:3      | Reached skill level 1 in Long Blades
  2529 | D:3      | Reached XP level 4. HP: 27/29 MP: 4/4
  2610 | D:3      | Found a runed translucent gate.
  2610 | D:3      | Found a runed translucent gate.
  2610 | D:3      | Noticed issech's ghost (amateur TrMo)
  2611 | D:3      | Found a runed translucent gate.
  2611 | D:3      | Noticed a kobold brigand
  2658 | D:3      | Killed from afar by an orc priest

Illustrated notes

Levels and vault maps discovered:
D:1:      dpeg_arrival_radiant, layout_loops_ring, grunt_decor_resistance
D:2:      layout_basic, shapermc_ecumenical_altar_hornbeckon
D:3:      layout_loops_ring, gammafunk_ghost_nasty_kobolds

Skill      XL: |  1  2  3 |
---------------+----------+-----
Dodging        | 2 |  2.0
Long Blades    | 1 |  1.9
Fighting       | |  3.9
Maces & Flails | |  3.3
Armour         | |  2.9
Stealth        | |  0.3

Action                   |  1- 3 |  4- 6 || total
-------------------------+-------+-------++-------
Melee: Mace              |    28 |       ||    28
       Great mace        |    35 |       ||    35
       Long sword        |    50 |    22 ||    72
Invok: Berserk           |     1 |     1 ||     2
       Trog's Hand       |       |     1 ||     1
 Stab: Sleeping          |     1 |       ||     1
Armor: Animal skin       |    20 |       ||    20
       Ring mail         |    21 |       ||    21
       Scale mail        |     8 |    18 ||    26
Dodge: Dodged            |    78 |    12 ||    90
